 Dungeon Crawl Stone Soup version 0.24.0-2-g5b39cebb1c (webtiles) character file.

Game seed: 4128358324920189831, levelgen mode: deterministic

33650 KapersCrawl the Geomancer (level 13, 27/117 HPs)
             Began as a Deep Dwarf Necromancer on Oct 27, 2019.
             Was a High Priest of Kikubaaqudgha.
             Quit the game on level 6 of the Lair of Beasts on Oct 29, 2019.
             The game lasted 01:49:20 (24839 turns).

KapersCrawl the Geomancer (Deep Dwarf Necromancer) Turns: 24839, Time: 01:49:21

Health: 27/117     AC: 13    Str: 18    XL:     13   Next: 37%
Magic:  2/25       EV: 11    Int: 21    God:    Kikubaaqudgha [*****.]
Gold:   922        SH:  5    Dex: 13    Spells: 10/32 levels left

rFire    . . .     SeeInvis .   c - +1 dagger (pain)
rCold    + . .     Gourm    .   t - +0 buckler
rNeg     . . .     Faith    .   D - +2 ring mail "Bozexyur" {rC+ rCorr}
rPois    .         Spirit   .   U - +0 helmet
rElec    .         Reflect  .   A - +1 cloak
rCorr    +         Harm     .   (no gloves)
MR       +....                  L - +2 pair of boots
Stlth    ++++......             (no amulet)
HPRegen  0.00/turn              q - +6 ring of strength
MPRegen  0.19/turn              n - ring of stealth

@: mildly poisoned (27 -> 21), non-regenerating
A: damage resistance, heal wounds, sense surroundings 2, no regeneration
a: Heal Wounds, Receive Corpses, Torment, Renounce Religion


You were on level 6 of the Lair of Beasts.
You worshipped Kikubaaqudgha.
Kikubaaqudgha was extremely pleased with you.
You were not hungry.

You visited 2 branches of the dungeon, and saw 16 of its levels.
You also visited: Volcano.

You collected 922 gold pieces.

Inventory:

Hand Weapons
 a - a +0 hunting sling
 b - a +1 dagger of venom
 c - a +1 dagger of pain (weapon)
Missiles
 k - 350 stones
 p - 44 sling bullets
 u - 8 javelins
 v - 74 poisoned darts (quivered)
 Q - a throwing net
Armour
 t - a +0 buckler (worn)
 A - a +1 cloak (worn)
 D - the +2 ring mail "Bozexyur" (worn) {rC+ rCorr}
   (You found it on level 6 of the Dungeon)

   It protects you from cold.
   It provides partial protection from all sources of acid and corrosion.
 L - a +2 pair of boots (worn)
 U - a +0 helmet (worn)
Jewellery
 n - a ring of stealth (right hand)
 o - an uncursed ring of protection from cold
 q - a +6 ring of strength (left hand)
 w - an uncursed ring of protection from cold
 y - an uncursed ring of fire
 H - a +3 ring of evasion {unknown}
 O - an uncursed ring of resist corrosion {unknown}
Wands
 z - a wand of digging (11)
 K - a wand of disintegration (8)
 N - a wand of flame (35)
 T - a wand of acid (7)
Scrolls
 d - a scroll of enchant weapon
 f - 2 scrolls of teleportation
 i - 2 scrolls of holy word
 m - 6 scrolls of remove curse
 x - a scroll of amnesia
 F - a scroll of fear
 G - a scroll of fog
 J - a scroll of vulnerability {unknown}
 P - a scroll of magic mapping {unknown}
 R - 3 scrolls of identify
Potions
 g - 2 potions of berserk rage
 h - a potion of invisibility
 j - a potion of heal wounds
 l - 6 potions of curing
 r - a potion of ambrosia
 s - 2 potions of flight
 B - 2 potions of might
 C - a potion of lignification
 E - a potion of brilliance
 I - a potion of haste
 S - 2 potions of mutation
 V - a potion of cancellation
Miscellaneous
 M - a fan of gales
Comestibles
 e - 20 rations


   Skills:
 - Level 8.0 Fighting
 - Level 2.4 Armour
 - Level 2.1 Dodging
 - Level 7.0 Stealth
 - Level 4.3 Shields
 - Level 10.1 Spellcasting
 - Level 4.1 Hexes
 - Level 12.0 Necromancy
 - Level 7.0 Translocations
 - Level 12.0 Earth Magic
 * Level 4.7 Evocations


You had 10 spell levels left.
You knew the following spells:

 Your Spells              Type           Power        Failure   Level  Hunger
a - Pain                  Necr           ####         1%          1    None
b - Vampiric Draining     Necr           ######....   1%          3    None
c - Confusing Touch       Hex            ####..       1%          1    None
d - Dispel Undead         Necr           ######..     2%          5    ####...
e - Animate Dead          Necr           N/A          1%          4    ##.....
f - Blink                 Tloc           N/A          1%          2    None
g - Borgnjor's Vile Clut  Necr/Erth      ######....   2%          5    ####...
O - Animate Skeleton      Necr           N/A          1%          1    None

Your spell library contained the following spells:

 Spells                   Type           Power        Failure   Level  Hunger
 Sublimation of Blood     Necr           ######....   1%          2    None
 Gell's Gravitas          Tloc           #####.....   1%          3    None
 Agony                    Necr           ######..     2%          5    ####...
 Slow                     Hex            ####....     3%          2    None
 Confuse                  Hex            ####....     6%          3    None
 Petrify                  Tmut/Erth      #####...     10%         4    ##.....
 Magic Dart               Conj           ##..         11%         1    None
 Shock                    Conj/Air       ##..         11%         1    None
 Call Imp                 Summ           ##......     17%         2    None
 Swiftness                Chrm/Air       ##......     17%         2    None
 Excruciating Wounds      Chrm/Necr      #####.....   26%         5    ####...
 Conjure Flame            Conj/Fire      ##......     32%         3    None
 Mephitic Cloud           Conj/Pois/Air  ##......     32%         3    None
 Static Discharge         Conj/Air       ##......     32%         3    None
 Airstrike                Air            ##........   73%         4    ##.....
 Metabolic Englaciation   Hex/Ice        ###.......   78%         5    ####...
 Yara's Violent Unravell  Hex/Tmut       ###.......   78%         5    ####...
 Lightning Bolt           Conj/Air       ##........   97%         5    ####...
 Regeneration             Chrm/Necr      Unusable     N/A         3    N/A

Dungeon Overview and Level Annotations

Branches:
Dungeon (10/15)            Temple (0/1) D:7            Lair (6/6) D:10
  Swamp (0/4) Lair:2        Snake (0/4) Lair:4      Volcano (visited)
  Slime: Lair:5-6       Orc: D:9-12

Altars:
Ashenzari
Cheibriados
Dithmenos
Elyvilon
Fedhas
Gozag
Kikubaaqudgha
Makhleb
Nemelex Xobeh
Qazlal
Ru
Trog
Xom
Zin

Shops:
D:7 *   D:9 (:}*}

Annotations:
D:3 exclusions: 2 doors and orc wizard
D:6 exclusion: downstairs
Lair:4 exclusion: oklob plant


Innate Abilities, Weirdness & Mutations

You are resistant to damage.
You can heal yourself by infusing magical energy.
You passively map the area around you.
You do not regenerate.


Message History

Your wind drake zombie bites the manticore.
The manticore dies!
Kikubaaqudgha accepts your kill.
You closely miss the spiny frog.
The spiny frog is heavily wounded.
You carefully extract the barbed spikes from your body.
The elephant tramples your wind drake zombie.
Your wind drake zombie is shoved backwards!
The spiny frog closely misses you.
Okay, then.
You barely miss the spiny frog.
The spiny frog is heavily wounded.
The spiny frog stings you!
* * * LOW HITPOINT WARNING * * *
You are more poisoned.
The spiny frog poisons you!
Your crocodile zombie bites the spiny frog.
Okay, then.
Unknown command.
Are you sure you want to abandon this character and quit the game? (Confirm with "yes".)

#♣♣.♣....♣..#P.... ,≈≈ *
#...........P......, ≈
##..................
#.............(...P, ≈
≈≈
##.<..............#,,≈
#.#..#...........##
#....#............# , *
≈ ####................#
≈ ≈
.P#%............@..$#, ≈
................FZ.(.# *
≈ ,
.................ZY.##*
,≈*
....................# *
*
......#..............#*
≈
.......#.............#≈≈
≈ ......#...............
....#.#..P.............
....###.........P..##,,,
≈


You could see an elephant, a spiny frog, a friendly crocodile zombie and a
friendly wind drake zombie.

Vanquished Creatures
  4 hydras
  A queen ant (Lair:4)
  An oklob plant (Lair:5)
  4 black mambas
  6 spiny frogs
  6 komodo dragons
  A rime drake (Lair:6)
  A wind drake (Lair:6)
  A troll (D:10)
  7 blink frogs
  2 bog bodies (Lair:2)
  5 dream sheep (Lair:5)
  2 hippogriffs
  A vampire (D:9)
  2 flying skulls (Volcano)
  A wyvern (D:9)
  A basilisk (Lair:1)
  Grum (Lair:1)
  43 yaks
  3 hogs (Lair:5)
  A naga (Lair:4)
  Edmund (D:4)
  2 swamp worms (Lair:2)
  6 water moccasins
  6 soldier ants (Lair:4)
  12 porcupines
  2 sky beasts (D:7)
  3 black bears
  A necrophage (D:9)
  A phantom (D:4)
  4 centaurs
  4 ogres
  13 wolves (Lair:1)
  6 crocodiles
  15 bullfrogs
  A big kobold (D:7)
  2 scorpions (D:6)
  A water moccasin skeleton (D:8)
  4 killer bees (D:10)
  5 wights (D:10)
  An electric eel (Lair:2)
  4 crimson imps
  5 howler monkeys
  A centaur zombie (D:7)
  8 hounds
  A jelly (D:6)
  3 orc priests
  A bullfrog skeleton (D:10)
  A centaur skeleton (D:4)
  22 worker ants
  7 orc wizards
  3 iguanas
  6 gnolls
  10 adders
  A shadow imp (D:8)
  2 adder zombies
  An adder skeleton (D:7)
  A worm (D:4)
  A leopard gecko (D:7)
  22 orcs
  A ball python (D:3)
  6 bats
  3 giant cockroaches
  6 hobgoblins
  10 jackals
  3 quokkas
  2 frilled lizards
  4 goblins
  9 kobolds
  A leopard gecko zombie (D:5)
  A quokka zombie (D:7)
  3 rats
  A plant (Lair:5)
334 creatures vanquished.

Vanquished Creatures (collateral kills)
  Kirke (Lair:5)
  2 entropy weavers (Lair:4)
  A manticore (Lair:6)
  2 black mambas
  A spiny frog (Lair:4)
  A torpor snail (Lair:3)
  2 komodo dragons
  A troll (D:10)
  6 blink frogs
  A flying skull (Volcano)
  A wyvern (Lair:6)
  A hog (Lair:5)
  9 yaks
  A swamp worm (Lair:2)
  A naga (Lair:4)
  4 soldier ants (Lair:4)
  A water moccasin (Lair:3)
  2 hell hounds (Lair:4)
  A black bear (D:10)
  A sky beast (D:10)
  A hornet zombie (D:9)
  2 crocodiles
  A big kobold (D:10)
  2 bullfrogs
  A gnoll sergeant (D:7)
  A wight (D:10)
  An electric eel (Lair:2)
  A bullfrog zombie (D:6)
  2 crimson imps
  A hound (D:6)
  A centaur skeleton (D:7)
  8 worker ants
  A gnoll (D:7)
  A howler monkey skeleton (D:6)
  An ooze (D:1)
  A dart slug (D:1)
  2 leopard geckos
  2 orcs
  A quokka (D:7)
  3 kobolds
  5 fungi
  A plant (Lair:2)
80 creatures vanquished.

Vanquished Creatures (others)
  A quokka (D:5)
  A bush (Lair:2)
  14 fungi
  9 plants
25 creatures vanquished.

Grand Total: 439 creatures vanquished

Notes
Turn   | Place    | Note
-------+----------+-------------------------------------------
     0 | D:1      | KapersCrawl the Deep Dwarf Necromancer began the quest for
                  | the Orb.
     0 | D:1      | Reached XP level 1. HP: 15/15 MP: 3/3
     3 | D:1      | Learned a level 1 spell: Animate Skeleton
   218 | D:1      | Reached XP level 2. HP: 22/22 MP: 0/5
   743 | D:2      | Reached skill level 5 in Necromancy
   743 | D:2      | Reached XP level 3. HP: 26/28 MP: 1/6
   875 | D:2      | Found an ancient bone altar of Kikubaaqudgha.
   884 | D:2      | Became a worshipper of Kikubaaqudgha
  1085 | D:2      | Learned a level 3 spell: Vampiric Draining
  1202 | D:2      | Found a snail-covered altar of Cheibriados.
  1343 | D:2      | Reached skill level 1 in Shields
  1712 | D:3      | Found a shattered altar of Ashenzari.
  1756 | D:3      | Found a sacrificial altar of Ru.
  1978 | D:3      | Reached XP level 4. HP: 29/36 MP: 7/7
  2132 | D:3      | Reached * piety under Kikubaaqudgha
  2132 | D:3      | Identified Kikubaaqudgha's Catalogue of Black Rites
                  | (Kikubaaqudgha gifted it to you on level 3 of the Dungeon)
  2132 | D:3      | Received a gift from Kikubaaqudgha
  2133 | D:3      | Found a blossoming altar of Fedhas.
  2682 | D:4      | Reached XP level 5. HP: 25/42 MP: 0/8
  3103 | D:4      | Noticed a phantom
  3620 | D:4      | Noticed Edmund
  3623 | D:4      | Reached XP level 6. HP: 39/49 MP: 2/9
  3716 | D:5      | Entered Level 5 of the Dungeon
  3731 | D:5      | Found a white marble altar of Elyvilon.
  3824 | D:5      | Reached skill level 5 in Stealth
  3982 | D:5      | Found a burning altar of Makhleb.
  3982 | D:5      | Found a sparkling altar of Nemelex Xobeh.
  4126 | D:5      | Noticed a water elemental
  4127 | D:5      | Found a stormy altar of Qazlal.
  4128 | D:5      | Noticed an air elemental
  4128 | D:5      | Noticed a fire elemental
  4288 | D:5      | Found a burning altar of Makhleb.
  4579 | D:5      | Found a shimmering altar of Xom.
  5028 | D:5      | Reached XP level 7. HP: 39/55 MP: 1/11
  5365 | D:6      | Found a bloodstained altar of Trog.
  5501 | D:6      | Learned a level 1 spell: Confusing Touch
  5781 | D:6      | Reached skill level 1 in Hexes
  5865 | D:6      | Reached XP level 8. HP: 59/62 MP: 3/14
  6132 | D:6      | Reached ** piety under Kikubaaqudgha
  6240 | D:6      | Got a transparent ring mail
  6686 | D:4      | Killed Edmund
  7239 | D:6      | Reached skill level 1 in Fighting
  7369 | D:6      | Found a shadowy altar of Dithmenos.
  7749 | D:7      | Found Qeabbapamn's General Store.
  7812 | D:7      | Gained mutation: You passively map the area around you.
                  | [Deep Dwarf growth]
  7812 | D:7      | Reached XP level 9. HP: 58/78 MP: 8/15
  7889 | D:7      | Learned a level 2 spell: Blink
  7894 | D:7      | Learned a level 4 spell: Animate Dead
  7916 | D:7      | Reached skill level 1 in Translocations
  8288 | D:7      | Found a staircase to the Ecumenical Temple.
  9110 | D:7      | Identified the +2 ring mail "Bozexyur" {rC+ rCorr} (You
                  | found it on level 6 of the Dungeon)
  9460 | D:8      | Reached *** piety under Kikubaaqudgha
  9460 | D:8      | Identified Kikubaaqudgha's Collected Works on Unholy
                  | Secrets (Kikubaaqudgha gifted it to you on level 8 of the
                  | Dungeon)
  9460 | D:8      | Received a gift from Kikubaaqudgha
  9851 | D:9      | Found Fagaac's Antique Weapon Shoppe.
  9985 | D:9      | Found a stormy altar of Qazlal.
 10108 | D:9      | Found Zerelem's Book Boutique.
 10120 | D:9      | Found Baysos's Gadget Shoppe.
 10208 | D:9      | Found Xekiches's General Store.
 10314 | D:9      | Reached skill level 5 in Spellcasting
 10400 | D:9      | Found an opulent altar of Gozag.
 10400 | D:9      | Found a glowing silver altar of Zin.
 10464 | D:10     | Entered Level 10 of the Dungeon
 10574 | D:9      | Learned a level 5 spell: Dispel Undead
 10924 | D:10     | Noticed a troll
 11023 | D:10     | Killed a troll
 11023 | D:10     | Reached XP level 10. HP: 69/85 MP: 13/17
 11224 | D:10     | Found a staircase to the Lair.
 11478 | D:10     | Got a coiled bronze amulet
 11487 | D:10     | Identified the amulet "Meum" {Inacc rF- Str+5} (You found
                  | it on level 10 of the Dungeon)
 11569 | D:10     | Reached skill level 10 in Necromancy
 11950 | D:9      | Reached skill level 5 in Fighting
 12235 | D:9      | Found Vecaacio's Gadget Boutique.
 12873 | Lair:1   | Entered Level 1 of the Lair of Beasts
 13211 | Lair:1   | Reached **** piety under Kikubaaqudgha
 13315 | Lair:1   | Noticed a spiny frog
 13331 | Lair:1   | Killed a spiny frog
 13413 | Lair:1   | Learned a level 5 spell: Borgnjor's Vile Clutch
 13874 | Lair:1   | Reached XP level 11. HP: 68/97 MP: 3/21
 13886 | Lair:1   | Reached skill level 5 in Earth Magic
 14491 | Lair:1   | Noticed Grum
 14502 | Lair:1   | Killed Grum
 16183 | Lair:2   | Reached skill level 10 in Earth Magic
 16418 | Lair:2   | Reached ***** piety under Kikubaaqudgha
 16664 | Lair:2   | Found a staircase to the Swamp.
 17255 | Lair:2   | Noticed a seven-headed hydra
 17291 | Lair:2   | Killed a seven-headed hydra
 18161 | Lair:3   | Reached XP level 12. HP: 50/105 MP: 16/23
 18351 | Lair:3   | Reached skill level 5 in Translocations
 18569 | Lair:3   | Noticed a seven-headed hydra
 18580 | Lair:3   | Killed a seven-headed hydra
 19833 | Lair:4   | Found a dark tunnel.
 19890 | Volcano  | Entered a volcano
 20090 | Lair:4   | Noticed a five-headed hydra
 20504 | Lair:4   | Noticed an entropy weaver
 20504 | Lair:4   | Noticed a queen ant
 20504 | Lair:4   | Noticed an entropy weaver
 20631 | Lair:4   | Killed a five-headed hydra
 20631 | Lair:4   | Reached skill level 10 in Spellcasting
 20710 | Lair:4   | HP: 5/106 [spiny frog (13)]
 20721 | Lair:4   | Killed an entropy weaver
 20891 | Lair:4   | Killed an entropy weaver
 20917 | Lair:4   | Killed a queen ant
 21172 | Lair:4   | Found a staircase to the Snake Pit.
 21329 | Lair:4   | Upgraded the game from 0.24.0-1-gfbc8707122 to
                  | 0.24.0-2-g5b39cebb1c
 22551 | Lair:4   | Reached XP level 13. HP: 95/117 MP: 5/25
 24181 | Lair:5   | Noticed Kirke
 24217 | Lair:5   | Killed Kirke
 24478 | Lair:6   | Entered Level 6 of the Lair of Beasts
 24489 | Lair:5   | Reached skill level 1 in Evocations
 24839 | Lair:6   | Quit the game

Levels and vault maps discovered:
D:1:      eino_arrival_water_cross, layout_basic
D:2:      layout_loops_ring, cheibriados_altar_1, marbit_many_paths
D:3:      layout_loops_ring, lemuel_crystal_altar,
          nicolae_ru_great_annihilating_truth, first_ration, fedhas_altar_2
D:4:      layout_basic, chequers_serial_rivers_micro_e, uniq_edmund
D:5:      layout_basic, elyvilon_altar_4, nicolae_qazlal_style_of_elements,
          lemuel_coloured_pillars_altar,
          chequers_temple_overflow_statue_of_worship,
          makhleb_blood_cavern_becter
D:6:      layout_basic, grunt_dithmenos_smoke_and_mirrors,
          hangedman_abyss_or_decor_jellyfish_corner, trog_ov_bears_minmay
D:7:      layout_loops_ring, temple_doors_e, serial_shops, shop,
          grunt_ogre_cave, minmay_starry_boxes
D:8:      layout_basic, onia_ninara_dug_in_and_dangerous
D:9:      layout_cross, grunt_temple_overflow_gold_and_silver, basic_altar,
          serial_shops, shop, nicolae_shop_behind_doors, nicolae_shop_stone,
          shop, shop_statue, kennysheep_generic_room_11
D:10:     layout_long_grid, lair_entry_dummy
Lair:1:   layout_cave_pods, grunt_megastairs_3, uniq_grum
Lair:2:   layout_gridlike, nicolae_swamp_entry_splash_gauntlet,
          minmay_hedge_maze
Lair:3:   layout_cave_pods, beast_lair_carwin_6
Lair:4:   layout_misc_corridors, guppyfry_snake_entry_garden, enter_volcano_3,
          minmay_another_anthill, infiniplex_staircase_pool_2
Lair:5:   layout_layer_cave, minivault_23, uniq_kirke
Lair:6:   gammafunk_lair_ancient_temple, layout_cave_pods, slime_altar_1,
          grunt_forest_small_clearing_treed, lemuel_fruit_tree, uniq_sonja

Skill      XL: |  1  2  3  4  5  6  7  8  9 10 11 12 13 |
---------------+----------------------------------------+-----
Spellcasting   | 2 3 4 5 7 8 10 | 10.1
Necromancy     | 5 6 7 8 9 10 12 | 12.0
Shields        | 2 3 4 |  4.3
Stealth        | 4 5 7 |  7.0
Hexes          | 2 4 |  4.1
Fighting       | 4 6 8 |  8.0
Translocations | 4 7 |  7.0
Armour         | 2 |  2.4
Earth Magic    | 4 12 | 12.0
Evocations     | 4 |  4.7
Dodging        | |  2.1

Action                   |  1- 3 |  4- 6 |  7- 9 | 10-12 | 13-15 || total
-------------------------+-------+-------+-------+-------+-------++-------
Melee: Short sword       |    24 |       |       |       |       ||    24
       Dagger            |       |    48 |   278 |   272 |   125 ||   723
 Fire: Hunting sling     |    44 |    99 |    40 |       |       ||   183
Throw: Stone             |       |     2 |    13 |     8 |       ||    23
       Dart              |       |       |     1 |    92 |     8 ||   101
 Cast: Pain              |    42 |    44 |    43 |   202 |    52 ||   383
       Animate Skeleton  |     9 |     6 |    26 |    50 |    14 ||   105
       Vampiric Draining |     3 |    21 |    77 |   224 |    45 ||   370
       Confusing Touch   |       |       |    27 |     4 |       ||    31
       Animate Dead      |       |       |     2 |    28 |     2 ||    32
       Dispel Undead     |       |       |     1 |    13 |       ||    14
       Borgnjor's Vile C |       |       |       |    18 |     5 ||    23
       Blink             |       |       |       |     2 |       ||     2
Invok: Receive Corpses   |       |       |       |     4 |     1 ||     5
 Abil: Heal Wounds       |       |       |       |     9 |       ||     9
Evoke: Wand              |       |       |     1 |       |       ||     1
  Use: Scroll            |     2 |     2 |     9 |    14 |     2 ||    29
       Potion            |       |       |       |     1 |       ||     1
 Stab: Confused          |       |       |    13 |     2 |       ||    15
       Sleeping          |       |       |     6 |     1 |     1 ||     8
       Distracted        |       |       |       |     1 |       ||     1
  Eat: Chunk             |     4 |     9 |    19 |    32 |     7 ||    71
       Ration            |       |     1 |     2 |     6 |     1 ||    10
Armor: Robe              |     9 |    10 |       |       |       ||    19
       Leather armour    |       |     1 |    32 |       |       ||    33
       Ring mail         |       |       |    46 |   176 |    15 ||   237
Dodge: Dodged            |    28 |    50 |   168 |   238 |    30 ||   514
Block: Buckler           |       |    11 |    80 |   111 |    13 ||   215
